 Dungeon Crawl Stone Soup version 0.18-a0-1692-g516f9e9 (webtiles) character file.

317338 4thArraOfDagon the Executioner (level 21, -9/186 HPs)
             Began as a Hill Orc Berserker on Apr 5, 2016.
             Was a High Priest of Makhleb.
             Mangled by an ettin
             ... wielding a +0 dire flail
              (10 damage)
             ... on level 5 of the Vaults.
             The game lasted 01:56:05 (16378 turns).

4thArraOfDagon the Executioner (HOBe)              Turns: 16378, Time: 01:56:05

Health: -9/186     AC: 36    Str: 34    XL:     21   Next: 1%
Magic:  26/26      EV: 13    Int: 12    God:    Makhleb [*****.]
Gold:   1321       SH:  0    Dex: 15    Spells: 4 memorised, 12 levels left

rFire  + . .     SeeInvis .     X - +2 executioner's axe (chop)
rCold  + + .     Gourm    .     D - +2 gold dragon armour
rNeg   + + .     Faith    .     (shield currently unavailable)
rPois  +         Spirit   .     e - +2 hat
rElec  +         Dismiss  .     J - +0 cloak {rC+}
rCorr  .         Reflect  .     P - +0 pair of gloves of the Seven of Swords {rElec}
SustAt .         Harm     .     N - +2 pair of boots {Stlth+}
MR     +....     Rnd*Rage +     l - amulet of magic regeneration
Stlth  .......... Rnd*Tele +    O - +5 ring of slaying
                                b - ring "Ratteenuu" {*Contam rPois rN++ Int+6}

@: mighty, agile, exhausted, marked, slowed, studying Shields, very slow,
somewhat resistant to hostile enchantments, extremely unstealthy
A: antennae 1, icy blue scales 1, rugged brown scales 1, berserk 1, blurry
vision 1, dopey 1, frail 1, low mp 1, sense surroundings 1, screaming 1,
teleportitis 1, no device heal 1, MP-powered wands
a: Minor Destruction, Lesser Servant of Makhleb, Major Destruction, Greater
Servant of Makhleb, Renounce Religion
}: 3/15 runes: serpentine, barnacled, slimy


You were on level 5 of the Vaults.
You worshipped Makhleb.
Makhleb was extremely pleased with you.
You were very hungry.

You visited 9 branches of the dungeon, and saw 48 of its levels.
You also visited: Labyrinth, Bailey and Ice Cave.

You collected 3531 gold pieces.
You spent 2206 gold pieces at shops.

Inventory:

Hand Weapons
 X - a +2 executioner's axe of chopping (weapon)
Missiles
 z - 3 throwing nets (quivered)
Armour
 e - a +2 hat (worn)
 y - the +2 helmet of Gemubbioqa {Regen+ MP+9 Int+4 SInv}
   (You found it on level 13 of the Dungeon)

   It affects your intelligence (+4).
   It affects your magic capacity (+9).
   It lets you see invisible.
   It increases your rate of regeneration.
 D - a +2 gold dragon armour (worn)
 J - a +0 cloak of cold resistance (worn)
 N - a +2 pair of boots of stealth (worn)
 P - the +0 pair of gloves of the Seven of Swords (worn) {rElec}
   (You found it on level 1 of the Elven Halls)

   It insulates you from electricity.
Rods
 G - a +6 rod of clouds (9/9)
   (You took it off a minotaur in a labyrinth)
 Z - a +3 rod of clouds (10/10)
   (You found it in a labyrinth)
Jewellery
 b - the ring "Ratteenuu" (left hand) {*Contam rPois rN++ Int+6}
   (You found it on level 3 of the Elven Halls)

   [ring of poison resistance]

   It affects your intelligence (+6).
   It protects you from poison.
   It greatly protects you from negative energy.
   It causes magical contamination when unequipped.
 f - an uncursed ring of see invisible
 h - the ring "Adel" {rPois rF+}
   (You found it on level 3 of the Elven Halls)

   [ring of protection from fire]

   It protects you from fire.
   It protects you from poison.
 l - an amulet of magic regeneration (around neck)
 O - a +5 ring of slaying (right hand)
 Q - an uncursed ring of positive energy
 Y - the ring "Muesch" {rCorr rElec rC+}
   (You found it in an ice cave)

   [ring of resist corrosion]

   It protects you from cold.
   It insulates you from electricity.
Wands
 g - a wand of teleportation (1/9)
 j - a wand of teleportation (3/9)
 u - a wand of digging (4/24)
 R - a wand of teleportation (3/9)
 T - a wand of heal wounds (2/9)
Scrolls
 o - 7 scrolls of remove curse
 p - 3 scrolls of identify
 r - 3 scrolls of silence
 t - a scroll of fog
 A - 2 scrolls of blinking
 B - 8 scrolls of recharging
 M - 4 scrolls of teleportation
Potions
 a - a potion of resistance
 s - 4 potions of cancellation
 x - 4 potions of brilliance
 E - 4 potions of curing
 H - 6 potions of magic
 K - 4 potions of flight
 L - 2 potions of berserk rage
Books
 I - a manual of Shields
Miscellaneous
 k - a phantom mirror
 w - a sack of spiders {used: 1}
 C - a fan of gales
Comestibles
 c - 9 bread rations
 d - 12 meat rations


   Skills:
 + Level 20.1 Fighting
 - Level 26.4 Axes
 + Level 20.2 Armour
 - Level 1.5 Dodging
 + Level 8.4 Invocations
 - Level 11.4 Evocations


You had 12 spell levels left.
You knew the following spells:

 Your Spells              Type           Power        Failure   Level  Hunger
a - Apportation           Tloc           #.........   99%         1    ##.....
b - Swiftness             Chrm/Air       #.......     100%        2    ###....
c - Repel Missiles        Chrm/Air       #.....       100%        2    ###....
d - Regeneration          Chrm/Necr      #.........   100%        3    ####...


Dungeon Overview and Level Annotations

Branches:
Dungeon (15/15)            Temple (1/1) D:6            Lair (8/8) D:11
 Shoals (4/4) Lair:3        Snake (4/4) Lair:4        Slime (6/6) Lair:7
    Orc (2/2) D:12            Elf (3/3) Orc:2        Vaults (5/5) D:13
 Depths (0/5) D:15
  Crypt: Vaults:2-3

Altars:
Ashenzari
Cheibriados
Dithmenos
Elyvilon
Fedhas
Gozag
Kikubaaqudgha
Makhleb
Nemelex Xobeh
Pakellas
Qazlal
Ru
Sif Muna
Trog
Vehumet
Xom
Zin
The Shining One
Beogh
Jiyva

Shops:
D:6 *   D:8 %   Orc:2 *(=[   Elf:3 (   Vaults:2 }   Vaults:4 }


Innate Abilities, Weirdness & Mutations

You have a pair of small antennae on your head.
You are partially covered in icy blue scales (AC +1).
You are partially covered in rugged brown scales (AC +1, +3% HP).
You tend to lose your temper in combat.
Scrolls take you a little longer to read.
You are dopey. (Int -2)
You are frail (-10% HP).
Your magical capacity is low (-10% MP).
You passively map a small area around you.
You occasionally shout uncontrollably at your foes.
You are occasionally teleported next to monsters.
Potions and wands are less effective at restoring your health.
You expend magic power (3 MP) to strengthen your wands.


Message History

The deep elf elementalist is heavily wounded.
You hit the vault warden but do no damage.
The vault warden is almost dead.
You slice the fire giant!!
The fire giant is almost dead.
You carve the stone giant like a ham!!!
The stone giant is severely wounded.
You chop the ettin into pieces!!!
The ettin is almost dead.
You closely miss the deep elf high priest.
The deep elf high priest is severely wounded.
You slash the ettin!
The ettin is almost dead.
You hit the green very ugly thing.
The green very ugly thing is almost dead.
The vault warden hits you with a great mace of holy wrath!!
* * * LOW HITPOINT WARNING * * *
The stone giant closely misses you. The ettin closely misses you.
The ettin hits you with a dire flail!
You die...

,*, , #.. .#.. ,
#..#.#.# * ,,
#..#.#.# *,* ,
#..#... * , * * *
#....., ,{ * *
#..cD###############
#.eCuc.pp...........
#.C@eDpppC..........
#.CCpC...p..........
#.pp{W(...C.........
#.oDo###############
#....c,{ , #..#p## ,
, #..#X#* *, ,
#..#..* * * , #..#..
,,


You could see a tentacled monstrosity, a titan, a golden dragon, a storm dragon,
a green very ugly thing, 2 fire giants, a quicksilver dragon, a stone giant, 4
vault wardens, 3 yaktaur captains, 3 vault guards, an orc knight, 3 ettins, a
deep elf elementalist, a vault sentinel, a deep elf high priest, a phantasmal
warrior, 2 ironbrand convokers and an orc.

Vanquished Creatures
  the Royal Jelly (Slime:6)
  Frederick (Vaults:5)
  Nikola (Elf:3)
  A tentacled monstrosity (Vaults:5)
  2 deep elf blademasters (Elf:3)
  An Ice Fiend (IceCv)
  2 deep elf master archers (Elf:3)
  17 acid blobs
  A storm dragon (Vaults:5)
  A shadow dragon (Vaults:5)
  2 tengu reavers (Vaults:5)
  Kirke (Elf:1)
  6 azure jellies (Slime:6)
  4 greater nagas (Snake:4)
  Ilsuiw (Shoals:4)
  Wiglaf (Snake:3)
  A frost giant (Shoals:4)
  3 vault wardens
  The ghost of 4thArraOfDagon the Executioner, a journeyman HOBe of Trog (Shoals:4)
  2 orc warlords
  7 deep elf sorcerers
  A large abomination (Elf:3)
  5 deep elf elementalists
  A stone giant (Vaults:5)
  5 ironheart preservers
  3 war gargoyles (Vaults:5)
  2 very ugly things (Vaults:5)
  Nessos (Orc:2)
  2 deep elf demonologists (Elf:3)
  Azrael (Snake:3)
  7 deep elf annihilators
  Snorg (D:12)
  A fire dragon (D:15)
  2 merfolk javelineers (Shoals:4)
  3 deep elf death magi (Elf:3)
  26 vault guards
  A minotaur (Lab)
  Josephine (Lair:4)
  5 death oozes (Slime:6)
  4 deep elf high priests
  8 merfolk impalers
  3 great orbs of eyes
  The ghost of BobbyTwoHands the Spear-Bearer, a journeyman MfGl of Ashenzari (Lair:3)
  3 yaktaur captains
  11 naga warriors (Snake:4)
  3 merfolk avatars
  2 hydras
  A catoblepas (Lair:8)
  An ice dragon (Vaults:2)
  3 centaur warriors
  3 alligator snapping turtles
  2 merfolk aquamancers (Shoals:4)
  Erica (D:8)
  2 anacondas (Snake:3)
  3 dancing weapons
  3 satyrs
  2 death yaks (Lair:8)
  3 ogre magi
  A deep troll earth mage (Vaults:1)
  2 shock serpents (Snake:4)
  3 naga sharpshooters (Snake:4)
  2 orc high priests
  4 skeletal warriors
  12 spriggans (Lair:8)
  A wizard (D:13)
  7 deep elf knights
  6 sea snakes
  A flayed ghost (Vaults:2)
  7 deep elf archers
  3 hill giants
  2 giant orange brains
  6 naga ritualists
  6 ironbrand convokers
  25 harpies
  11 orc knights
  12 ugly things
  A necromancer (Vaults:5)
  7 mana vipers
  34 deep elf magi
  A wolf spider (Vaults:5)
  2 salamanders
  2 shining eyes
  16 manticores
  7 griffons
  6 fauns
  5 orc sorcerers
  2 centaur zombies (D:14)
  5 cyclopes
  A guardian serpent (Snake:4)
  An eye of devastation (Slime:5)
  16 black mambas
  8 sirens
  3 elephants (Lair:6)
  Maurice (D:8)
  17 naga magi
  An ice statue (IceCv)
  2 vault sentinels (Vaults:5)
  2 torpor snails
  7 spiny frogs
  A gargoyle (D:11)
  2 water nymphs (Shoals:4)
  A centaur skeleton (D:13)
  A rime drake (Lair:8)
  4 freezing wraiths (IceCv)
  3 komodo dragons
  2 anaconda simulacra (IceCv)
  A kobold demonologist (D:14)
  4 ice devils (IceCv)
  An efreet (D:15)
  20 merfolk
  2 spriggan druids (Lair:8)
  6 yaktaurs
  2 wind drakes (Shoals:2)
  5 golden dragon simulacra (IceCv)
  6 polar bears (Lair:8)
  3 trolls
  5 two-headed ogres
  Prince Ribbit (D:8)
  20 blink frogs
  36 slime creatures
  10 snapping turtles
  5 redbacks (Lair:8)
  Sigmund (D:6)
  3 wyverns
  3 air elementals
  A dire elephant simulacrum (IceCv)
  2 water elementals
  42 yaks
  5 hogs (Elf:1)
  A vampire (D:11)
  5 wraiths
  13 vampire mosquitoes
  10 hippogriffs
  3 hungry ghosts
  6 fire elementals
  A redback simulacrum (D:15)
  6 wargs
  4 harpy simulacra (IceCv)
  Grum (Lair:1)
  2 mottled dragons
  21 nagas
  2 hydra simulacra (IceCv)
  13 water moccasins
  3 hell hounds (Snake:3)
  5 porcupines
  6 black bears
  39 orc warriors
  An alligator simulacrum (IceCv)
  2 eyes of draining
  6 ice beasts
  5 sky beasts
  An ettin simulacrum (IceCv)
  21 ogres
  3 wasps
  An ogre (shapeshifter) (D:14)
  2 phantoms
  31 wolves
  14 centaurs
  12 crocodiles
  3 big kobolds
  13 giant frogs
  A wyvern zombie (D:11)
  2 wyvern skeletons
  4 scorpions
  An elephant simulacrum (IceCv)
  An elf simulacrum (Vaults:2)
  4 killer bees (D:9)
  14 wights
  5 electric eels
  A howler monkey (D:8)
  4 crimson imps
  3 draconian simulacra (IceCv)
  A giant frog zombie (D:5)
  A quasit (D:7)
  13 jellies
  13 orc wizards
  A giant frog skeleton (D:7)
  18 orc priests
  6 iguanas
  5 worker ants
  A spriggan simulacrum (IceCv)
  3 troll simulacra (IceCv)
  A polar bear simulacrum (IceCv)
  A killer bee zombie (D:8)
  6 sheep
  3 centaur simulacra (IceCv)
  A hound zombie (D:11)
  A hound skeleton (D:8)
  7 adders
  13 gnolls (Bailey)
  A howler monkey skeleton (D:5)
  A naga simulacrum (IceCv)
  3 ogre simulacra (IceCv)
  61 river rats
  A shadow imp (D:8)
  8 white imps (IceCv)
  8 ufetubi (IceCv)
  2 adder zombies
  3 giant geckos
  51 orcs
  A ball python (D:2)
  A bat (D:1)
  A giant cockroach (D:8)
  10 hobgoblins
  15 jackals
  4 quokkas
  A giant newt (D:6)
  A goblin (D:2)
  20 kobolds
  A rat (D:1)
  3 fungi
  12 plants
1240 creatures vanquished.

Vanquished Creatures (collateral kills)
  An acid blob (Slime:6)
  A death ooze (Slime:6)
  A shock serpent (Snake:4)
  Sonja (Lair:4)
  2 nagas (Snake:4)
  An orc warrior (Orc:2)
  An orc priest (Orc:2)
  An orc (Orc:2)
9 creatures vanquished.

Vanquished Creatures (others)
  A harpy (Shoals:4)
  An ogre (Vaults:5)
  A jelly (Slime:5)
  8 fungi
  11 plants
  4 tentacles (Shoals:4)
26 creatures vanquished.

Grand Total: 1275 creatures vanquished

Notes
Turn   | Place    | Note
--------------------------------------------------------------
     0 | D:1      | 4thArraOfDagon the Hill Orc Berserker began the quest for the Orb.
     0 | D:1      | Reached XP level 1. HP: 19/19 MP: 1/1
    50 | D:2      | You fall through a shaft!
    85 | D:2      | Reached XP level 2. HP: 19/27 MP: 2/2
   221 | D:4      | Found a shadowy altar of Dithmenos.
   235 | D:4      | Found a radiant altar of Vehumet.
   268 | D:5      | Entered Level 5 of the Dungeon
   268 | D:5      | Found a snail-covered altar of Cheibriados.
   312 | D:5      | Reached XP level 3. HP: 33/33 MP: 3/3
   367 | D:5      | Found an oddly glowing altar of Pakellas.
   385 | D:5      | Reached skill level 5 in Axes
   385 | D:5      | Reached XP level 4. HP: 40/40 MP: 4/4
   523 | D:5      | Noticed a phantom
   578 | D:6      | Found Nuopne Joeda's General Store.
   594 | D:6      | Bought a scroll of magic mapping for 38 gold pieces
   647 | D:6      | Found a stormy altar of Qazlal.
   647 | D:6      | Found a blossoming altar of Fedhas.
   649 | D:6      | Reached XP level 5. HP: 20/47 MP: 5/5
   652 | D:6      | Reached ** piety under Trog
   691 | D:6      | Bought a scroll of identify for 22 gold pieces
   712 | D:7      | Reached skill level 6 in Axes
   743 | D:7      | Noticed an ogre
   771 | D:7      | Killed an ogre
   771 | D:7      | Reached skill level 5 in Fighting
   771 | D:7      | Reached skill level 7 in Axes
   771 | D:7      | Reached XP level 6. HP: 18/56 MP: 6/6
   807 | D:6      | Found a staircase to the Ecumenical Temple.
   842 | D:6      | Found a bloodstained altar of Trog.
   843 | D:6      | Noticed an ice beast
   870 | D:6      | Killed an ice beast
   910 | D:6      | Noticed Sigmund
   922 | D:6      | Reached XP level 7. HP: 60/61 MP: 7/7
   927 | D:6      | Killed Sigmund
   927 | D:6      | Reached skill level 8 in Axes
   990 | D:7      | Reached skill level 5 in Armour
   991 | D:7      | Noticed a hungry ghost
   998 | D:7      | Killed a hungry ghost
   998 | D:7      | Reached skill level 9 in Axes
   998 | D:7      | Reached XP level 8. HP: 70/70 MP: 8/8
  1177 | D:7      | Reached skill level 10 in Axes
  1211 | D:7      | Found a deep blue altar of Sif Muna.
  1297 | D:8      | Noticed Maurice
  1304 | D:8      | Noticed Erica
  1344 | D:8      | Killed Erica
  1344 | D:8      | Reached skill level 11 in Axes
  1344 | D:8      | Reached XP level 9. HP: 40/81 MP: 9/9
  1351 | D:8      | Killed Maurice
  1351 | D:8      | Reached skill level 12 in Axes
  1444 | D:8      | Found Deamewi's Food Emporium.
  1507 | D:8      | Found a flagged portal.
  1516 | D:8      | Gained mutation: You are partially covered in yellow scales (AC +2). [mutagenic meat]
  1518 | Bailey   | Entered a bailey
  1519 | Bailey   | Gained mutation: You are partially covered in icy blue scales (AC +1). [mutagenic meat]
  1520 | Bailey   | Gained mutation: Your muscles are strong. (Str +2) [mutagenic meat]
  1521 | Bailey   | Gained mutation: You are agile. (Dex +2) [mutagenic meat]
  1523 | Bailey   | Lost mutation: Your muscles are strong. (Str +2) [mutagenic meat]
  1574 | Bailey   | Reached *** piety under Trog
  1719 | Bailey   | Reached XP level 10. HP: 60/90 MP: 10/10
  1743 | D:8      | Noticed Prince Ribbit
  1755 | D:8      | Reached skill level 13 in Axes
  1760 | D:8      | Killed Prince Ribbit
  1768 | D:8      | Found a shattered altar of Ashenzari.
  1923 | D:9      | Got a scorched morningstar
  1924 | D:9      | Found a sparkling altar of Nemelex Xobeh.
  1956 | D:9      | Gained mutation: You are partially covered in rugged brown scales (AC +1, +3% HP). [mutagenic meat]
  1957 | D:9      | Gained mutation: Armour fits poorly on your strangely shaped body. [mutagenic meat]
  1958 | D:9      | Gained mutation: Your flesh is heat resistant. [mutagenic meat]
  1959 | D:9      | Gained mutation: Your muscles are strong. (Str +2) [mutagenic meat]
  1963 | D:9      | Identified the +4 morningstar "Emonocap" {crush, Str+4} (You found it on level 9 of the Dungeon)
  2030 | D:9      | Reached **** piety under Trog
  2058 | D:10     | Entered Level 10 of the Dungeon
  2214 | D:11     | Noticed a gargoyle
  2222 | D:11     | Killed a gargoyle
  2245 | D:11     | Reached skill level 14 in Axes
  2257 | D:11     | Found a staircase to the Lair.
  2336 | D:12     | Found a staircase to the Orcish Mines.
  2348 | D:12     | Noticed a green ugly thing
  2357 | D:12     | Killed a green ugly thing
  2357 | D:12     | Reached skill level 10 in Fighting
  2429 | D:12     | Noticed Snorg
  2437 | D:12     | Reached XP level 11. HP: 77/103 MP: 11/11
  2438 | D:12     | Killed Snorg
  2438 | D:12     | Reached skill level 15 in Axes
  2591 | D:12     | Gained mutation: You have sharp toenails. [potion of beneficial mutation]
  2592 | D:12     | Gained mutation: You passively map a small area around you. [potion of beneficial mutation]
  2636 | D:11     | Noticed a hill giant
  2649 | D:11     | Killed a hill giant
  2649 | D:11     | Reached skill level 10 in Armour
  2660 | D:11     | Lost mutation: You are agile. (Dex +2) [mutagenic meat]
  2694 | D:11     | Reached skill level 16 in Axes
  2751 | D:11     | Noticed a cyclops
  2763 | D:11     | Killed a cyclops
  2771 | D:11     | Lost mutation: You have sharp toenails. [mutagenic meat]
  2772 | D:11     | Gained mutation: You passively map the area around you. [mutagenic meat]
  2773 | D:11     | Gained mutation: You have a pair of small antennae on your head. [mutagenic meat]
  2921 | D:13     | Got a fine helmet
  2937 | D:13     | Noticed a centaur warrior
  2948 | D:13     | Killed a centaur warrior
  2980 | D:13     | Noticed a hill giant
  3020 | D:13     | Killed a hill giant
  3020 | D:13     | Reached XP level 12. HP: 113/113 MP: 12/12
  3083 | D:14     | Noticed a centaur warrior
  3089 | D:14     | Reached skill level 17 in Axes
  3097 | D:14     | Killed a centaur warrior
  3277 | D:13     | Found a gate to the Vaults.
  3284 | D:13     | Reached skill level 18 in Axes
  3512 | D:15     | Entered Level 15 of the Dungeon
  3609 | D:14     | Reached XP level 13. HP: 122/122 MP: 13/13
  3629 | D:14     | Gained mutation: Your flesh is cold resistant. [mutagenic meat]
  3630 | D:14     | Lost mutation: Armour fits poorly on your strangely shaped body. [mutagenic meat]
  3697 | D:15     | Found a labyrinth entrance.
  3706 | Lab      | Entered a labyrinth
  3741 | Lab      | Identified the +2 helmet of Gemubbioqa {Regen+ MP+9 Int+4 SInv} (You found it on level 13 of the Dungeon)
  4082 | Lab      | Noticed a minotaur
  4093 | Lab      | Killed a minotaur
  4093 | Lab      | Reached skill level 19 in Axes
  4146 | Lab      | Identified a +3 rod of inaccuracy (13/13) (You found it in a labyrinth)
  4147 | Lab      | Identified a +6 rod of clouds (9/9) (You took it off a minotaur in a labyrinth)
  4148 | Lab      | Identified a +3 rod of clouds (10/10) (You found it in a labyrinth)
  4162 | D:15     | Noticed a fire dragon
  4183 | D:15     | Killed a fire dragon
  4221 | D:15     | Reached skill level 1 in Evocations
  4330 | D:14     | Identified a scroll of acquirement
  4342 | D:14     | :.
  4469 | Orc:1    | Entered Level 1 of the Orcish Mines
  4471 | Orc:1    | Noticed an orc warlord
  4473 | Orc:2    | Entered Level 2 of the Orcish Mines
  4473 | Orc:2    | Noticed Nessos
  4486 | Orc:2    | Noticed an orc warlord
  4486 | Orc:2    | HP: 6/125 [orc warrior/mace (21)]
  4491 | Orc:2    | HP: 6/125 [poisoned by Nessos]
  4497 | Orc:2    | HP: 6/125 [poisoned by Nessos]
  4643 | Orc:2    | Found Maliamn's General Store.
  4777 | Orc:2    | Killed Nessos
  4823 | Orc:2    | Bought a potion of cancellation for 136 gold pieces
  4823 | Orc:2    | Bought a scroll of recharging for 161 gold pieces
  4823 | Orc:2    | Bought a potion of degeneration for 17 gold pieces
  4911 | Orc:1    | Found a roughly hewn altar of Beogh.
  4996 | Orc:1    | Received a gift from Trog
  5079 | Orc:2    | Found a staircase to the Elven Halls.
  5121 | Orc:2    | Found Higraef's Antique Armour Boutique.
  5162 | Orc:2    | Bought a runed cloak for 108 gold pieces
  5240 | Orc:2    | Killed an orc warlord
  5273 | Orc:2    | Received a gift from Trog
  5353 | Orc:2    | Found Senwiq's Antique Weapon Emporium.
  5376 | Orc:2    | Reached skill level 20 in Axes
  5380 | Orc:2    | Found Beokha's Jewellery Shoppe.
  5395 | Orc:2    | Reached ***** piety under Trog
  5399 | Orc:2    | Found a roughly hewn altar of Beogh.
  5417 | Orc:2    | :(
  5467 | Orc:2    | Reached XP level 14. HP: 125/133 MP: 17/17
  5492 | Orc:1    | Killed an orc warlord
  5738 | Lair:1   | Entered Level 1 of the Lair of Beasts
  5781 | Lair:1   | Received a gift from Trog
  5791 | Lair:1   | Noticed Grum
  5801 | Lair:1   | Killed Grum
  5918 | Lair:1   | Got an ichor-stained scale mail
  5934 | Lair:1   | Identified the +1 scale mail "Fimergh" {rPois rF+} (You found it on level 1 of the Lair of Beasts)
  6027 | Lair:3   | Noticed BobbyTwoHands's ghost (journeyman MfGl)
  6038 | Lair:3   | Killed BobbyTwoHands's ghost
  6142 | Lair:2   | Reached skill level 5 in Evocations
  6314 | Lair:4   | Noticed Sonja
  6338 | Lair:4   | Found a staircase to the Snake Pit.
  6340 | Lair:4   | Noticed Josephine
  6349 | Lair:4   | Killed Josephine
  6436 | Lair:4   | Received a gift from Trog
  6520 | Lair:4   | Killed Sonja
  6596 | Lair:5   | Reached skill level 21 in Axes
  6969 | Lair:7   | Found a staircase to the Slime Pits.
  7037 | Lair:8   | Entered Level 8 of the Lair of Beasts
  7162 | Lair:8   | Reached skill level 22 in Axes
  7187 | Lair:8   | Got a citrine-encrusted ring mail
  7247 | Lair:8   | Identified the +0 ring mail of the Pleiades {MP+9 Str+8 Stlth+} (You found it on level 8 of the Lair of Beasts)
  7273 | Lair:8   | Reached XP level 15. HP: 142/142 MP: 19/19
  7342 | Lair:8   | Received a gift from Trog
  7519 | Lair:8   | Reached skill level 23 in Axes
  7907 | Snake:1  | Entered Level 1 of the Snake Pit
  7956 | Snake:1  | Reached ****** piety under Trog
  8047 | Snake:3  | Noticed Azrael
  8049 | Snake:3  | Received a gift from Trog
  8066 | Snake:3  | Killed Azrael
  8157 | Snake:3  | Noticed Wiglaf
  8179 | Snake:3  | Killed Wiglaf
  8249 | Snake:4  | Entered Level 4 of the Snake Pit
  8438 | Snake:4  | Lost mutation: Your flesh is cold resistant. [potion of mutation]
  8438 | Snake:4  | Gained mutation: You occasionally shout uncontrollably at your foes. [potion of mutation]
  8438 | Snake:4  | Gained mutation: Your body sometimes deteriorates upon taking damage. [potion of mutation]
  8439 | Snake:4  | Gained mutation: You are dopey. (Int -2) [potion of mutation]
  8439 | Snake:4  | Lost mutation: Your flesh is heat resistant. [potion of mutation]
  8439 | Snake:4  | Gained mutation: You are frail (-10% HP). [potion of mutation]
  8459 | Snake:4  | Reached skill level 24 in Axes
  8716 | Snake:4  | Reached XP level 16. HP: 111/135 MP: 20/20
  8732 | Snake:4  | Noticed a greater naga
  8736 | Snake:4  | Killed a greater naga
  8812 | Snake:4  | Noticed a greater naga
  8825 | Snake:4  | Killed a greater naga
  8826 | Snake:4  | Noticed a greater naga
  8830 | Snake:4  | Killed a greater naga
  8862 | Snake:4  | Reached skill level 25 in Axes
  8882 | Snake:4  | Received a gift from Trog
  8883 | Snake:4  | Noticed a greater naga
  8886 | Snake:4  | Killed a greater naga
  8970 | Snake:4  | Got a serpentine rune of Zot
  9272 | Lair:3   | Found a staircase to the Shoals.
  9280 | Shoals:1 | Entered Level 1 of the Shoals
  9354 | Shoals:2 | Reached skill level 15 in Armour
  9462 | Shoals:1 | Received a gift from Trog
  9669 | Shoals:2 | Lost mutation: You are frail (-10% HP). [potion of cure mutation]
  9669 | Shoals:2 | Lost mutation: You are partially covered in yellow scales (AC +2). [potion of cure mutation]
  9669 | Shoals:2 | Lost mutation: You passively map the area around you. [potion of cure mutation]
  9669 | Shoals:2 | Lost mutation: Your body sometimes deteriorates upon taking damage. [potion of cure mutation]
  9882 | Shoals:4 | Entered Level 4 of the Shoals
  9882 | Shoals:4 | Noticed 4thArraOfDagon's ghost (journeyman HOBe)
  9894 | Shoals:4 | Killed 4thArraOfDagon's ghost
 10000 | Shoals:3 | Reached skill level 26 in Axes
 10110 | Shoals:3 | Reached XP level 17. HP: 117/156 MP: 21/21
 10475 | Shoals:4 | Identified the Papyrus of Combat Magic and Enhancements (You found it on level 4 of the Shoals)
 10675 | Shoals:4 | Noticed Ilsuiw
 11150 | Shoals:4 | Noticed a kraken
 11208 | Shoals:4 | Drew Focus: Str increased to 28, Int decreased to 6
 11246 | Shoals:4 | Reached skill level 15 in Fighting
 11330 | Shoals:4 | Killed Ilsuiw
 11427 | Shoals:4 | Got a barnacled rune of Zot
 11645 | Elf:1    | Entered Level 1 of the Elven Halls
 11736 | Elf:1    | Noticed Kirke
 11753 | Elf:1    | Killed Kirke
 12026 | Elf:1    | Reached XP level 18. HP: 166/170 MP: 22/22
 12087 | Elf:1    | Got a pair of pitted gloves
 12098 | Elf:1    | Identified the cursed +0 pair of gloves of the Seven of Swords {rElec} (You found it on level 1 of the Elven Halls)
 12183 | Elf:2    | Found a frozen archway.
 12210 | IceCv    | Entered an ice cave
 12288 | IceCv    | Got a scorched turquoise ring
 12289 | IceCv    | :(
 12290 | IceCv    | Identified the ring "Muesch" {rCorr rElec rC+} (You found it in an ice cave)
 12574 | IceCv    | Noticed an Ice Fiend
 12606 | IceCv    | Killed an Ice Fiend
 12883 | Elf:3    | Entered Level 3 of the Elven Halls
 12976 | Elf:3    | Noticed Nikola
 12987 | Elf:3    | Killed Nikola
 13045 | Elf:3    | Gained mutation: Your magical capacity is low (-10% MP). [helix card]
 13124 | Elf:3    | Found Pocets's Weapon Shoppe.
 13324 | Elf:3    | Noticed a deep elf master archer
 13335 | Elf:3    | Killed a deep elf master archer
 13359 | Elf:3    | Noticed a deep elf master archer
 13370 | Elf:3    | Killed a deep elf master archer
 13432 | Elf:3    | Noticed a deep elf blademaster
 13447 | Elf:3    | Noticed a deep elf blademaster
 13461 | Elf:3    | Killed a deep elf blademaster
 13466 | Elf:3    | Killed a deep elf blademaster
 13468 | Elf:3    | Reached XP level 19. HP: 119/182 MP: 23/23
 13573 | Elf:3    | Identified the Almanac of Malediction and Intoxication
 13597 | Elf:3    | Got a twitching bronze ring
 13599 | Elf:3    | Identified the ring "Adel" {rPois rF+} (You found it on level 3 of the Elven Halls)
 13603 | Elf:3    | Identified the Incunabulum of Augmentations
 13611 | Elf:3    | Got a fine copper ring
 13612 | Elf:3    | Identified the ring "Cuso" {MP+9 Stlth+} (You found it on level 3 of the Elven Halls)
 13617 | Elf:3    | Got a smoking bone ring
 13619 | Elf:3    | Identified the ring "Ratteenuu" {*Contam rPois rN++ Int+6} (You found it on level 3 of the Elven Halls)
 13725 | Elf:3    | Gained mutation: You are occasionally teleported next to monsters. [mutagenic glow]
 13766 | Elf:1    | Lost mutation: Your muscles are strong. (Str +2) [mutagenic glow]
 13880 | Orc:2    | Bought a +5 ring of slaying for 1364 gold pieces
 14111 | Slime:1  | Entered Level 1 of the Pits of Slime
 14113 | Slime:1  | Gained mutation: You tend to lose your temper in combat. [a shining eye]
 14359 | Slime:5  | Gained mutation: You expend magic power (3 MP) to strengthen your wands. [a shining eye]
 14363 | Slime:5  | Gained mutation: You are frail (-10% HP). [a shining eye]
 14390 | Slime:6  | Entered Level 6 of the Pits of Slime
 14450 | Slime:6  | Found a viscous altar of Jiyva.
 14460 | Slime:6  | Noticed the Royal Jelly
 14472 | Slime:6  | Reached skill level 10 in Evocations
 14489 | Slime:6  | Gained mutation: Scrolls take you a little longer to read. [a shining eye]
 14490 | Slime:6  | Gained mutation: Potions and wands are less effective at restoring your health. [a shining eye]
 14692 | Slime:6  | Killed the Royal Jelly
 14798 | Slime:6  | Got a slimy rune of Zot
 15368 | Temple   | Entered the Ecumenical Temple
 15442 | D:6      | Found a burning altar of Makhleb.
 15444 | D:6      | Found a shimmering altar of Xom.
 15447 | D:6      | Found a glowing golden altar of the Shining One.
 15467 | D:6      | Fell from the grace of Trog
 15467 | D:6      | Became a worshipper of Makhleb the Destroyer
 15651 | D:12     | Learned a level 1 spell: Apportation
 15654 | D:12     | Learned a level 2 spell: Swiftness
 15657 | D:12     | Learned a level 2 spell: Repel Missiles
 15661 | D:12     | Learned a level 3 spell: Regeneration
 15742 | Vaults:1 | Entered Level 1 of the Vaults
 15796 | Vaults:1 | You fall through a shaft!
 15840 | Vaults:2 | Found a roughly hewn altar of Beogh.
 15844 | Vaults:2 | Reached * piety under Makhleb
 15968 | Vaults:2 | Reached ** piety under Makhleb
 15980 | Vaults:2 | Reached XP level 20. HP: 53/175 MP: 19/25
 16075 | Vaults:2 | Reached *** piety under Makhleb
 16106 | Vaults:2 | Found Banem's Gadget Shop.
 16182 | Vaults:3 | Reached skill level 1 in Invocations
 16208 | Vaults:4 | Found Ufoy's Gadget Shoppe.
 16228 | Vaults:4 | Bought a wand of teleportation (2/9) for 360 gold pieces
 16277 | Vaults:5 | Entered Level 5 of the Vaults
 16291 | Vaults:5 | Reached **** piety under Makhleb
 16307 | Vaults:5 | Reached skill level 5 in Invocations
 16312 | Vaults:5 | Noticed Frederick
 16331 | Vaults:5 | Killed Frederick
 16332 | Vaults:5 | Reached ***** piety under Makhleb
 16351 | Vaults:5 | Noticed a golden dragon
 16377 | Vaults:5 | Reached XP level 21. HP: 60/186 MP: 26/26
 16378 | Vaults:5 | HP: 1/186 [vault warden/great mace of holy wrath (30)]
 16378 | Vaults:5 | Mangled by an ettin

Vault maps used:
D:1:      eino_arrival_water_cross, hex_tiny
D:3:      uniq_crazy_yiuf_cottage
D:4:      nicolae_dithmenos_the_darkroom, old_standard_altar, first_bread
D:5:      nicolae_overflow_crystal_walls, cheibriados_altar_1
D:6:      grunt_temple_overflow_forces_of_nature, kennysheep_mini,
          yredelemnul_forgotten_temple_becter, old_standard_altar,
          grunt_temple_overflow_open, minmay_temple_entry_hall, serial_shops,
          shop_fountains, uniq_sigmund
D:7:      kennysheep_orc_sif_temple, lemuel_blue_sif_altar
D:8:      evilmike_ruin_ashenzari, enter_bailey_2, serial_shops,
          nicolae_shop_scaring_up_business, uniq_erica, uniq_maurice,
          uniq_prince_ribbit1
D:9:      lemuel_insect_pit, lemuel_crystal_altar
D:11:     minmay_weird_star
D:12:     orc_0_dummy, uniq_snorg
D:13:     david_vaults_1
D:15:     grunt_enter_depths_snipers, lab_entry_generic, minivault_11,
          grunt_ministairs_6
Temple:   hc_temple_tempest_star_small
Lair:1:   uniq_grum
Lair:2:   grunt_megastairs_2
Lair:3:   minmay_shoals_entry_beasts, nicolae_quartered_pool_super
Lair:4:   dummy_snake_entry, uniq_sonja, uniq_josephine
Lair:6:   serial_bayou_shore_a, grunt_megastairs_3
Lair:7:   slime_dummy, hangedman_lair_generics_rect
Lair:8:   minmay_lair_end_enchanted_forest
Shoals:1: nicolae_shoals_island_circles, lemuel_oklob_altar
Shoals:4: shoals_end_grunt_ice, shoals_ilsuiw_alternative
Snake:1:  grunt_ministairs_2, uniq_frances
Snake:2:  nicolae_snake_lava_pool
Snake:3:  nrook_loot_triangle, grunt_ministairs_8, uniq_wiglaf, uniq_azrael
Snake:4:  snake_pit, basic_altar, grunt_ministairs_7, st_stairs_10,
          lemuel_fruit_tree
Slime:1:  cheibrodos_slime_lost_civilization_1
Orc:1:    basic_altar, mines3_lemuel
Orc:2:    grunt_orc_gardens, grunt_orc_garden, grunt_orc_garden,
          grunt_orc_garden, grunt_orc_garden, basic_altar, uniq_nessos
Elf:1:    minmay_elf_arrival_circle, kennysheep_underground_church, uniq_kirke
Elf:2:    portal_ice_cave_entry_pillars_03
Elf:3:    elf_hall, serial_shops, shop_statue, uniq_nikola
Vaults:1: nicolae_vaults_angled_halls, grunt_vaults_hallway_long, v_misc_9,
          nicolae_vaults_arrows, ontoclasm_vaults_loading_screen,
          vaults_room_fours, nicolae_vaults_little_squares_1,
          nicolae_vaults_border_crossing, dpeg_vaults_monster_row,
          vaults_room_fours, nicolae_vaults_shelves_hall, basic_altar
Vaults:2: v_misc_29, vaults_room_stairs_pillars, v_misc_12, v_misc_33,
          v_misc_19, special_room_vaults, vaults_dpeg_cross,
          nicolae_vaults_triangles, vaults_dpeg_encased_lava,
          ontoclasm_vaults_loading_screen, vaults_mumra_chevron,
          ontoclasm_vaults_chip, serial_shops, shop, uniq_saint_roka
Vaults:3: ontoclasm_vaults_ligature, minmay_crypt_entry_simple_walls,
          stair_cage_open, hangedman_vaults_nails, serial_shops, shop
Vaults:4: nicolae_vaults_ring_of_whatevers, v_alt_pattern_3,
          ontoclasm_vaults_gateway, st_spiral_rooms, ontoclasm_vaults_idyll,
          v_misc_1, hangedman_vaults_hat, hangedman_vaults_slice,
          vaults_room_pool, nicolae_vaults_theta, v_misc_2, serial_shops,
          nicolae_shop_stone, uniq_aizul
Vaults:5: serial_shops, uniq_frederick
Lab:      labyrinth_spiral, nicolae_lab_do_over, labyrinth_skeletal_remains,
          nicolae_lab_arrow, nicolae_lab_checkerboard
Bailey:   bailey_axe_2, bailey
IceCv:    ice_cave_caverns_02

Skill      XL: |  1  2  3  4  5  6  7  8  9 10 11 12 13 14 15 16 17 18 19 20 |
---------------+-------------------------------------------------------------+-----
Fighting       | 4 5 6 7 8 10 11 12 13 14 16 17 18 20 | 20.1
Axes           | 5 7 9 11 12 14 16 18 20 22 24 26 | 26.4
Armour         | 3 4 5 6 7 9 10 11 12 13 14 15 17 18 19 20 | 20.2
Evocations     | 4 5 8 11 | 11.4
Invocations    | 8 |  8.4
Dodging        | |  1.5

Action                   |  1- 3 |  4- 6 |  7- 9 | 10-12 | 13-15 | 16-18 | 19-21 || total
-------------------------+-------+-------+-------+-------+-------+-------+-------++-------
Melee: Hand axe          |    41 |    63 |   160 |       |       |       |       ||   264
       War axe           |       |       |    63 |   343 |   236 |       |       ||   642
       Battleaxe         |       |       |       |       |   807 |   594 |       ||  1401
       Executioner's axe |       |       |       |       |    28 |   605 |   510 ||  1143
       Whip              |       |       |       |       |       |    32 |       ||    32
Throw: Throwing net      |       |       |       |       |       |     1 |       ||     1
Invok: Berserk           |     3 |     7 |     5 |    11 |    13 |    11 |     3 ||    53
       Trog's Hand       |       |     1 |     7 |    11 |    38 |    71 |    25 ||   153
       Brothers in Arms  |       |       |       |       |     3 |     4 |     2 ||     9
       Burn Spellbooks   |       |       |       |       |       |       |     2 ||     2
 Abil: Evoke Flight      |       |       |       |       |       |    12 |       ||    12
       Stop Flying       |       |       |       |       |       |     1 |       ||     1
Evoke: Wand              |       |       |       |       |    13 |    14 |     9 ||    36
       Deck              |       |       |       |       |       |    13 |    10 ||    23
       Sack of spiders   |       |       |       |       |       |       |     1 ||     1
       Phantom mirror    |       |       |       |       |       |       |     1 ||     1
  Use: Scroll            |       |     2 |     2 |     3 |    26 |    14 |     6 ||    53
       Potion            |       |     1 |     4 |     2 |    13 |    11 |    13 ||    44
 Stab: Distracted        |       |       |       |       |     1 |       |     2 ||     3
  Eat: Chunk             |       |    10 |    15 |    31 |    32 |    37 |     7 ||   132
       Pizza             |       |       |     1 |       |     1 |     1 |       ||     3
       Royal jelly       |       |       |     1 |       |       |       |       ||     1
       Fruit             |       |       |       |     8 |     3 |     3 |     1 ||    15
       Beef jerky        |       |       |       |     1 |     2 |       |     2 ||     5
       Meat ration       |       |       |       |       |     1 |       |     1 ||     2
